 Dungeon Crawl Stone Soup version 0.31-a0-845-g9abc20d24f (webtiles) character file.

Game seed: 473906745865116327

3 Shayle the Conjurer (level 1, -2/16 HPs)
             Began as a Demonspawn Reaver on Oct 1, 2023.
             Succumbed to a kobold's poison
             ... on level 1 of the Dungeon.
             The game lasted 00:00:36 (256 turns).

Shayle the Conjurer (Demonspawn Reaver)              Turns: 256, Time: 00:00:37

Health: -2/16      AC:  5    Str: 12    XL:     1   Next: 41%
Magic:  3/3        EV: 10    Int: 14    God:
Gold:   13         SH:  0    Dex: 11    Spells: 3/4 levels left

rFire   . . .        a - +0 spear
rCold   . . .        (no shield)
rNeg    . . .        d - +0 ring mail
rPois   .            (no helmet)
rElec   .            (no cloak)
rCorr   .            (no gloves)
SInv    .            (no boots)
Will    .....        (no amulet)
Stlth   +            (no ring)
HPRegen 0.22/turn    (no ring)
MPRegen 0.08/turn

%: no passive effects
@: lethally poisoned (-2 -> -14)
A: no striking features
a: no special abilities


You were on level 1 of the Dungeon.
You visited 1 branch of the dungeon, and saw 1 of its levels.

You collected 13 gold pieces.

Inventory:

Hand Weapons
 a - a +0 spear (weapon)
Armour
 b - a +0 leather armour
 d - a +0 ring mail (worn)


   Skills:
 + Level 2.0 Fighting
 - Level 2.6 Polearms
 + Level 0.2 Armour
 - Level 1.7 Dodging
 + Level 2.0 Spellcasting
 - Level 3.0 Conjurations
 + Level 0.2 Necromancy


You had 3 spell levels left.
You knew the following spells:

 Your Spells              Type           Power      Damage    Failure   Level
a - Kiss of Death         Conj/Necr      24%        2d7       28%         1

Your spell library contained the following spells:

 Spells                   Type           Power      Damage    Failure   Level
 Momentum Strike          Conj/Tloc      10%        3d8       41%         2
 Hailstorm                Conj/Ice       5%         3d4       65%         3


Dungeon Overview and Level Annotations

Branches:
Dungeon (1/15)

Altars:


Message History

The ball python closely misses you. The ball python constricts you.
You hit the ball python.
You kill the ball python!
You hit the ball python.
The ball python is moderately wounded.
The ball python misses you. The ball python closely misses you.
You hit the ball python.
You kill the ball python!
Found 9 gold pieces.
You see here a +0 ring mail.
You start removing your armour.
You continue taking off your +0 leather armour. x4
You finish taking off your +0 leather armour.
You start putting on your armour.
You continue putting on your +0 ring mail. x5
You finish putting on your +0 ring mail.
You now have 9 gold pieces.
There is an open door here.
You now have 13 gold pieces (gained 4).
A kobold comes into view. It is wielding a +1 whip of venom.
The kobold shouts!
The kobold throws a stone.
The stone hits you.
The kobold hits you with a +1 whip of venom.
You are poisoned.
You hit the kobold but do no damage.
You feel sick.
The kobold hits you with a +1 whip of venom.
* * * LOW HITPOINT WARNING * * *
You hit the kobold but do no damage.
* * * LOW HITPOINT WARNING * * *
You feel sick.
The kobold hits you with a +1 whip of venom.
* * * LOW HITPOINT WARNING * * *
You are more poisoned.
Unknown command.
You aren't carrying any potions.
You aren't carrying any potions.
As you read the scroll labelled BUALOAP QUUD, it crumbles to dust.
It is a scroll of identify.
You don't currently have any unidentified items.
You die...

#.#
#............##
#.#
#............##
#.#
#............##
#.#
#............##
#.#
#............##
#.#
####......#####
#.# #......# #
#.#######......#
#
#..@K...#......#
#
#######.#......#
# ######'### #
#....###
#.......
#....###
###....###
#.........
#.........


You could see a kobold.

Vanquished Creatures
  A kobold (D:1)
  2 ball pythons (D:1)
  A goblin (D:1)
4 creatures vanquished.

Notes
Turn   | Place    | Note
-------+----------+-------------------------------------------
     0 | D:1      | Shayle the Demonspawn Reaver began the quest for the Orb.
     0 | D:1      | Reached XP level 1. HP: 16/16 MP: 3/3
   256 | D:1      | Succumbed to a kobold's poison

Illustrated notes

Levels and vault maps discovered:
D:1:      dpeg_arrival_rhombus, layout_basic

Action                     || total
---------------------------++-------
  Melee: Spear             ||    12
    Use: Scroll            ||     1
 Armour: Leather armour    ||     5
         Ring mail         ||     4
  Dodge: Dodged            ||     3

Table legend: (Time is in decaauts)
 A = Elapsed time spent in this place.
 B = Non-inter-level travel time spent in this place.
 C = Inter-level travel time spent in this place.
 D = Time resting spent in this place.
 E = Time spent auto-exploring this place.
 F = Levels seen in this place.
 G = Mean time per level.
                   A        B        C        D        E       F      G
               +--------+--------+--------+--------+--------+-----+--------+
         Total |    255 |    255 |      0 |      0 |    200 |   1 |  255.0 |
       Dungeon |    255 |    255 |      0 |      0 |    200 |   1 |  255.0 |
               +--------+--------+--------+--------+--------+-----+--------+

Top non-repeatable levels by time:
     D:1: 255 daAuts
